 Dungeon Crawl Stone Soup version 0.27.0-1-g7a089689b8 (webtiles) character file.

Game seed: 11976862536404939379

189 UnknownFlame the Shield-Bearer (level 5, -1/46 HPs)
             Began as a Draconian Fighter on Aug 15, 2021.
             Was a Follower of Qazlal.
             Slain by an orc (17 damage)
             ... on level 3 of the Dungeon.
             The game lasted 00:04:16 (2240 turns).

UnknownFlame the Shield-Bearer (Draconian Fighter)  Turns: 2240, Time: 00:04:17

Health: -1/46      AC:  5    Str: 20    XL:     5   Next: 40%
Magic:  5/5        EV: 10    Int:  9    God:    Qazlal [*.....]
Gold:   80         SH:  0    Dex: 11    Spells: 4/4 levels left

rFire    . . .     SeeInvis .   a - +0 long sword
rCold    . . .     Faith    .   b - +0 kite shield
rNeg     . . .     Spirit   .   (armour unavailable)
rPois    .         Reflect  .   (helmet restricted)
rElec    .         Harm     .   (no cloak)
rCorr    .         Rampage  .   (no gloves)
Will     .....                  (no boots)
Stlth    +.........             (no amulet)
HPRegen  0.15/turn              (no ring)
MPRegen  0.09/turn              (no ring)

@: confused
A: AC +5, unfitting armour, cold-blooded, high mp 1, strong 1
a: Renounce Religion


You were on level 3 of the Dungeon.
You worshipped Qazlal.
Qazlal was aware of your devotion.
You visited 1 branch of the dungeon, and saw 3 of its levels.

You collected 80 gold pieces.

Inventory:

Hand Weapons
 a - a +0 long sword (weapon)
 g - a +1 dagger of venom
Armour
 b - a +0 kite shield (worn)
Scrolls
 d - 3 scrolls of identify


   Skills:
 + Level 3.9 Fighting
 + Level 3.2 Long Blades
 + Level 3.7 Dodging
 + Level 1.0 Stealth
 + Level 4.1 Shields


You had 4 spell levels left.
You didn't know any spells.
Your spell library contained the following spells:

 Spells                   Type           Power      Damage    Failure   Level
 Summon Guardian Golem    Hex/Summ       0%         N/A       99%         3
 Silence                  Hex/Air        0%         N/A       100%        5
 Conjure Ball Lightning   Conj/Air       0%         3x3d6     100%        6
 Invisibility             Hex            0%         N/A       100%        6


Dungeon Overview and Level Annotations

Branches:
Dungeon (3/15)

Altars:
Qazlal


Innate Abilities, Weirdness & Mutations

Your plain brown scales are hard. (AC +5)
You cannot fit into any form of body armour.
You are cold-blooded and may be slowed by cold attacks.
You have an increased reservoir of magic. (+10% MP)
Your muscles are strong. (Str +2)


Message History

The orc wizard hits you with a +0 dagger.
The orc barely misses you.
You bump into the rock wall.
The orc wizard casts a spell at you. You resist with some effort.
The orc hits you with a +0 hand axe.
You're too confused to move!
You feel less confused.
The orc wizard casts a spell.
The orc wizard flickers and vanishes!
Deactivating autopickup; reactivate with Ctrl-A.
You block the orc's attack.
You closely miss something.
You hear some strange, mumbled words.
A puff of flame appears from out of thin air!
The puff of flame hits you. The orc barely misses you.
Something hits you but does no damage. The orc barely misses you.
You closely miss something. Something hits you. The orc barely misses you.
You riposte.
You slash the orc!
You kill the orc!
Qazlal accepts your kill.
You closely miss something. You tail-slap something. Something hits you. x2
The orc misses you.
You riposte.
You hit the orc.
The orc is moderately wounded.
You closely miss something. Something hits you. You block the orc's attack.
You closely miss something. Something hits you. The orc closely misses you.
You riposte.
You slash the orc!
You kill the orc!
Qazlal accepts your kill.
You hear some strange, mumbled words.
You are confused.
You barely miss the orc. The orc hits you but does no damage.
Something hits you but does no damage. The orc barely misses you.
You miss something.
You hear some strange, mumbled words.
A puff of flame appears from out of thin air!
The puff of flame hits you! The orc closely misses you. Something hits you.
You bump into the rock wall.
The orc hits you with a +2 whip of electrocution.
You are electrocuted!
You die...

##### ....
#.#######..##
......o@#...##
..#####{.<...#
#.....##
#.....#
##.#.## #..
##..# #.# #
##'## #.###.
##...## #....
##.....##
#..###


You could see an orc.

Vanquished Creatures
  A water moccasin (D:3)
  An adder (D:3)
  A worm (D:3)
  2 dart slugs (D:1)
  4 orcs
  5 ball pythons
  8 bats
  2 endoplasms (D:2)
  4 giant cockroaches
  7 hobgoblins
  5 jackals (D:1)
  A quokka (D:1)
  A frilled lizard (D:1)
  5 goblins
  11 kobolds
  7 rats
65 creatures vanquished.

Notes
Turn   | Place    | Note
-------+----------+-------------------------------------------
     0 | D:1      | UnknownFlame the Draconian Fighter began the quest for the
                  | Orb.
     0 | D:1      | Reached XP level 1. HP: 19/19 MP: 1/1
   158 | D:1      | Reached XP level 2. HP: 22/26 MP: 2/2
   357 | D:1      | Found a faded altar of an unknown god.
   791 | D:1      | Reached XP level 3. HP: 31/31 MP: 3/3
  1049 | D:2      | Found a stormy altar of Qazlal.
  1071 | D:2      | Became a worshipper of Qazlal Stormbringer
  1087 | D:2      | Got the Papyrus of the Fetching Birds
  1749 | D:3      | Reached * piety under Qazlal
  1933 | D:3      | Noticed a water moccasin
  1942 | D:3      | Gained mutation: You have an increased reservoir of magic.
                  | (+10% MP) [potion of mutation]
  1942 | D:3      | Gained mutation: Your muscles are strong. (Str +2) [potion
                  | of mutation]
  1946 | D:3      | Killed a water moccasin
  1947 | D:3      | Reached skill level 1 in Stealth
  1947 | D:3      | Reached skill level 4 in Shields
  1947 | D:3      | Reached XP level 4. HP: 10/40 MP: 4/4
  1947 | D:3      | Reached XP level 5. HP: 12/46 MP: 5/5
  2240 | D:3      | Slain by an orc

Illustrated notes

Levels and vault maps discovered:
D:1:      dpeg_arrival_solitude, layout_basic, ebering_ecumenical_altar_box
D:2:      layout_basic, basic_altar
D:3:      cheibrodos_thug_alley, layout_loops_corners, kennysheep_minor_cross

Skill      XL: |  1  2  3 |
---------------+----------+-----
Dodging        | 3 |  3.7
Long Blades    | 3 |  3.2
Stealth        | 1 |  1.0
Shields        | 4 |  4.1
Fighting       | |  3.9

Action                   |  1- 3 |  4- 6 || total
-------------------------+-------+-------++-------
Melee: Long sword        |   166 |    16 ||   182
       Tailslap          |    16 |     3 ||    19
  Use: Scroll            |     5 |       ||     5
       Potion            |     2 |       ||     2
Armor: Skin              |    52 |     4 ||    56
Dodge: Dodged            |   103 |    10 ||   113
Block: Kite shield       |   120 |     6 ||   126
       Rpst.: Long sword |    28 |     4 ||    32
